[Event "Titled Tuesday Blitz August 08 Early 2023"]
[White "Popilski, Gil"]
[Black "Bueno, Alfeu Junior Varela"]
[WhiteFideId "2809060"]
[BlackFideId "2108879"]
[WhiteElo "2620"]
[BlackElo "2407"]
[Result "1-0"]
[Round "4"]
[TimeControl "180+1"]
[Date "2023.08.08"]
[WhiteClock "0:02:17"]
[BlackClock "0:00:02"]
[Board "159"]

1. e4 e6 2. d4 d5 3. Nc3 Nf6 4. e5 Nfd7 5. f4 c5 6. Nf3 Nc6 7. Be3 cxd4 8. Nxd4 Bc5 9. Qd2 O-O 10. a3 a6 11. b4 Ba7 12. Be2 Qe7 13. O-O f6 14. exf6 Qxf6 15. Nxc6 Bxe3+ 16. Qxe3 bxc6 17. Rad1 e5 18. fxe5 Qxe5 19. Rxf8+ Kxf8 20. Qxe5 Nxe5 21. Na4 Nd7 22. c4 a5 23. b5 dxc4 24. bxc6 Ne5 25. Rd8+ Ke7 26. c7 Nf7 27. Rg8 1-0


[Site "https://www.chess.com"]

[Event "Titled Tuesday Blitz August 08 Early 2023"]
[White "brm72"]
[Black "Kashefi, Amir Hosein"]
[BlackFideId "12557935"]
[WhiteElo "2609"]
[BlackElo "2402"]
[Result "1-0"]
[Round "4"]
[TimeControl "180+1"]
[Date "2023.08.08"]
[WhiteClock "0:00:12"]
[BlackClock "0:00:08"]
[Board "160"]

1. e4 c6 2. Nc3 d5 3. Nf3 dxe4 4. Nxe4 Nd7 5. Qe2 Ndf6 6. d4 Nxe4 7. Qxe4 Nf6 8. Qf4 Bg4 9. Ne5 Bh5 10. Bc4 e6 11. Bd2 Bd6 12. g4 Bg6 13. O-O-O Qc7 14. Rhe1 O-O-O 15. Qf3 Nd5 16. h4 Bxe5 17. Rxe5 h6 18. h5 Bh7 19. Qb3 Rd7 20. Be2 Rhd8 21. c3 Nf6 22. Bf4 Qb6 23. Qa3 Nd5 24. Bg3 Nc7 25. Ra5 a6 26. Rc5 Nb5 27. Qb4 Rd5 28. a4 Nxd4 29. Rxd4 Qxb4 30. Rcxd5 Rxd5 31. Rxb4 c5 32. Rf4 f6 33. Rf3 e5 34. Re3 Kc7 35. Bc4 Rd8 36. Bb3 Kc6 37. Bc2 Bg8 38. Be4+ Kc7 39. f4 exf4 40. Bxf4+ Kb6 41. Bf5 Bb3 42. Bc2 c4 43. Bxb3 cxb3 44. c4 Kc5 45. Rxb3 Rd7 46. Rc3 Kb4 47. Kc2 Kxa4 48. Rd3 Rc7 49. Kc3 Rc8 50. b3+ Ka3 51. Rd5 b5 52. Rd1 b4+ 53. Kc2 Ka2 54. Be3 Re8 55. Bd4 Re2+ 56. Kd3 Rf2 57. Ra1+ Kxb3 58. Rxa6 Rf3+ 59. Be3 Rg3 60. Rb6 Rxg4 61. c5 Rc4 62. c6 Rc3+ 63. Kd4 Kc2 64. Rxb4 Rxc6 65. Rc4+ Rxc4+ 66. Kxc4 f5 67. Bd4 f4 68. Bxg7 f3 69. Bd4 Kd2 70. Kd5 Ke2 71. Ke4 f2 72. Bxf2 Kxf2 73. Kf5 Ke3 74. Kg6 Ke4 75. Kxh6 Ke5 76. Kg7 Kf5 77. h6 Ke6 78. h7 Kf5 79. h8=Q Ke6 80. Qh6+ Kf5 81. Qf6+ Kg4 82. Qe5 Kh4 83. Qf5 Kg3 84. Qe4 Kh3 85. Qg6 Kh4 86. Kf6 Kh3 87. Kf5 Kh2 88. Kf4 Kh1 89. Kf3 Kh2 90. Qg2# 1-0


[Site "https://www.chess.com"]

[Event "Titled Tuesday Blitz August 08 Early 2023"]
[White "Herman, Daniel"]
[Black "Komov, Roman"]
[WhiteFideId "30935008"]
[BlackFideId "24175714"]
[WhiteElo "2399"]
[BlackElo "2607"]
[Result "0-1"]
[Round "4"]
[TimeControl "180+1"]
[Date "2023.08.08"]
[WhiteClock "0:00:08"]
[BlackClock "0:00:35"]
[Board "161"]

1. d4 Nf6 2. c4 e6 3. Nc3 Bb4 4. e3 O-O 5. Ne2 Re8 6. a3 Bf8 7. Nf4 d6 8. Bd3 e5 9. dxe5 dxe5 10. Nfd5 Nfd7 11. O-O a5 12. e4 c6 13. Ne3 Nc5 14. Bc2 Nba6 15. Qf3 Ne6 16. Nf5 Nd4 17. Nxd4 exd4 18. Rd1 Nc5 19. Bf4 Ne6 20. Bg3 Qb6 21. Na4 Qa7 22. b4 axb4 23. axb4 b5 24. Nb6 Qxa1 25. Rxa1 Rxa1+ 26. Bd1 Ng5 27. Qd3 Nxe4 28. Qxd4 Nc3 0-1


[Site "https://www.chess.com"]

[Event "Titled Tuesday Blitz August 08 Early 2023"]
[White "Llanos, Guillermo"]
[Black "Bagrationi, Alexander"]
[WhiteFideId "100358"]
[BlackFideId "14104954"]
[WhiteElo "2396"]
[BlackElo "2594"]
[Result "1-0"]
[Round "4"]
[TimeControl "180+1"]
[Date "2023.08.08"]
[WhiteClock "0:00:33"]
[BlackClock "0:01:03"]
[Board "162"]

1. b3 e5 2. Bb2 d6 3. Nf3 f5 4. d3 Nf6 5. g3 c6 6. Bg2 g6 7. O-O Bg7 8. c4 O-O 9. Nc3 h6 10. Rc1 Kh7 11. e4 f4 12. c5 g5 13. cxd6 Qxd6 14. Nb1 Nbd7 15. d4 Nxe4 16. Nxe5 Ndf6 17. Ba3 Qd8 18. Bxf8 Qxf8 19. g4 Nd6 20. f3 Nd5 21. Re1 h5 22. Qd3+ Kg8 23. Qg6 Qf6 24. gxh5 Bf5 25. Qxf6 Bxf6 26. Nc3 Ne3 27. Rxe3 fxe3 28. Re1 c5 29. Nd5 Bh8 30. Ne7+ Kh7 31. dxc5 Bxe5 32. cxd6 Bd7 33. Nd5 Re8 34. Rxe3 Bd4 35. Kf2 Bxe3+ 36. Nxe3 Re6 37. Nc4 Rxd6 38. Nxd6 1-0


[Site "https://www.chess.com"]

[Event "Titled Tuesday Blitz August 08 Early 2023"]
[White "Moskvin, Anatoly"]
[Black "Nikologorsky, Matfei"]
[WhiteFideId "24199990"]
[BlackFideId "24102474"]
[WhiteElo "2571"]
[BlackElo "2395"]
[Result "1-0"]
[Round "4"]
[TimeControl "180+1"]
[Date "2023.08.08"]
[WhiteClock "0:02:56"]
[BlackClock "0:01:32"]
[Board "163"]

1. e4 c5 2. Nf3 e6 3. b4 cxb4 4. d4 d5 5. e5 Nc6 6. a3 Nge7 7. axb4 Nxb4 8. c3 Nbc6 9. h4 Bd7 10. h5 h6 11. Bd3 a6 12. Na3 b5 13. Bxb5 axb5 14. Nxb5 1-0


[Site "https://www.chess.com"]

[Event "Titled Tuesday Blitz August 08 Early 2023"]
[White "Aevengho"]
[Black "Ventura Bolet, Maxim"]
[BlackFideId "22238824"]
[WhiteElo "2568"]
[BlackElo "2388"]
[Result "1-0"]
[Round "4"]
[TimeControl "180+1"]
[Date "2023.08.08"]
[WhiteClock "0:00:49"]
[BlackClock "0:00:02"]
[Board "164"]

1. e4 Nf6 2. e5 Nd5 3. d4 d6 4. Bc4 Nb6 5. Bb3 dxe5 6. Qf3 e6 7. dxe5 Bd7 8. Qg3 Bc6 9. Nf3 N8d7 10. O-O h6 11. Nc3 Qe7 12. Nd4 Qc5 13. Nxc6 Qxc6 14. a4 a6 15. a5 Nc4 16. Qf4 Ncxe5 17. Ba4 Qd6 18. Rd1 g5 19. Qg3 Qxd1+ 20. Nxd1 O-O-O 21. Nc3 f5 22. Bxd7+ Nxd7 23. Qe3 Nc5 24. b4 Ne4 25. Bb2 Bg7 26. h3 Rhe8 27. Nxe4 Bxb2 28. Rb1 Bd4 29. Qe2 fxe4 30. Qxe4 e5 31. Rb3 Rf8 32. Rf3 Rxf3 33. Qxf3 Rd6 34. c3 Ba7 35. Qf5+ Kd8 36. Qxe5 Rd1+ 37. Kh2 Rd6 38. f3 Kd7 39. Qg7+ Kc6 40. c4 Bd4 41. Qe7 h5 42. Qxg5 h4 43. b5+ axb5 44. Qxb5# 1-0


[Site "https://www.chess.com"]

[Event "Titled Tuesday Blitz August 08 Early 2023"]
[White "Do Nascimento,Christian Almeida"]
[Black "Luong Phuong Hanh"]
[WhiteFideId "2143801"]
[BlackFideId "12401013"]
[WhiteElo "2556"]
[BlackElo "2387"]
[Result "1-0"]
[Round "4"]
[TimeControl "180+1"]
[Date "2023.08.08"]
[WhiteClock "0:01:03"]
[BlackClock "0:01:30"]
[Board "165"]

1. e4 c5 2. Nf3 e6 3. c4 Nc6 4. Nc3 e5 5. Be2 Nf6 6. d3 d6 7. O-O Be7 8. Bg5 O-O 9. a3 Nd4 10. Nxd4 cxd4 11. Bxf6 Bxf6 12. Nd5 Be6 13. f4 Rc8 14. f5 Bxd5 15. cxd5 Qb6 16. b4 Rc3 17. Qa4 Rfc8 18. Rab1 h6 19. Bh5 Bg5 20. Qd7 Rf8 21. f6 Rc7 22. Qg4 g6 23. h4 Be3+ 24. Kh1 Kh7 25. Rf3 Rg8 26. Rbf1 gxh5 27. Qxh5 Rg6 28. Qf5 Qb5 29. h5 Qxd3 30. hxg6+ fxg6 31. Qg4 Rf7 32. Qe6 Kg8 33. Qe8+ Rf8 34. Qxg6+ Kh8 35. Qg7# 1-0


[Site "https://www.chess.com"]

[Event "Titled Tuesday Blitz August 08 Early 2023"]
[White "Parpiev, Isaak"]
[Black "Nosacheva, Mariya"]
[WhiteFideId "34281576"]
[BlackFideId "34111422"]
[WhiteElo "2545"]
[BlackElo "2382"]
[Result "0-1"]
[Round "4"]
[TimeControl "180+1"]
[Date "2023.08.08"]
[WhiteClock "0:00:25"]
[BlackClock "0:01:17"]
[Board "166"]

1. d4 Nf6 2. c4 g6 3. Nc3 Bg7 4. d5 d6 5. e4 O-O 6. Be2 c6 7. Nf3 Na6 8. O-O e5 9. Nd2 Ne8 10. Rb1 c5 11. a3 f5 12. b4 b6 13. Re1 Bh6 14. Bb2 Bxd2 15. Qxd2 f4 16. Nd1 g5 17. f3 h5 18. Nf2 Rf7 19. Bc3 Rg7 20. Rec1 g4 21. Kf1 Qh4 22. Ke1 Qxh2 23. Kd1 Qxg2 24. fxg4 Qxf2 0-1


[Site "https://www.chess.com"]

[Event "Titled Tuesday Blitz August 08 Early 2023"]
[White "Belov, Alexei"]
[Black "Vifleemskaia, Svetlana"]
[WhiteFideId "4128206"]
[BlackFideId "4129490"]
[WhiteElo "2544"]
[BlackElo "2381"]
[Result "1-0"]
[Round "4"]
[TimeControl "180+1"]
[Date "2023.08.08"]
[WhiteClock "0:00:50"]
[BlackClock "0:00:19"]
[Board "167"]

1. e4 e5 2. Nf3 Nc6 3. Bb5 a6 4. Ba4 Nf6 5. d4 exd4 6. O-O b5 7. Bb3 d6 8. Ng5 Ne5 9. f4 Nc4 10. e5 Ng4 11. e6 Bxe6 12. Nxe6 Qh4 13. Nxc7+ Kd7 14. h3 Nge3 15. Qxd4 Nxf1 16. Nxa8 Qe1 17. Qa7+ Ke6 18. Nc7+ Kf6 19. Qd4+ Ke7 20. Nd5+ Kd7 21. Qa7+ Ke6 22. f5+ Kxd5 23. Nc3+ Kc6 24. Qxa6+ Kd7 25. Qxb5+ Kd8 26. Qb8+ Ke7 27. Bg5+ 1-0


[Site "https://www.chess.com"]

[Event "Titled Tuesday Blitz August 08 Early 2023"]
[White "EsmeraldasAnderson03"]
[Black "Girsh, Daniel"]
[BlackFideId "30949190"]
[WhiteElo "2380"]
[BlackElo "2543"]
[Result "0-1"]
[Round "4"]
[TimeControl "180+1"]
[Date "2023.08.08"]
[WhiteClock "0:01:06"]
[BlackClock "0:01:02"]
[Board "168"]

1. d4 e6 2. Nf3 d5 3. c4 Nf6 4. cxd5 exd5 5. Nc3 c6 6. Bg5 Be7 7. Qc2 O-O 8. e3 Nbd7 9. Bd3 Re8 10. O-O Nf8 11. Rab1 a5 12. a3 h6 13. Bh4 Ne4 14. Bxe7 Qxe7 15. b4 axb4 16. axb4 Ra3 17. Bxe4 dxe4 18. Nd2 Bf5 19. Nc4 Raa8 20. Nb6 Rad8 21. Nca4 Ne6 22. Nc5 Ng5 23. Kh1 Bg6 24. Nc4 Rd5 25. b5 Qf6 26. Ne5 Nf3 27. Nxg6 Rh5 28. h3 Qxg6 29. Nxe4 Rxe4 30. bxc6 bxc6 31. Qb3 Re8 32. e4 Nd2 33. Qb7 Nxb1 34. Rxb1 Qxe4 35. Kh2 0-1


[Site "https://www.chess.com"]

[Event "Titled Tuesday Blitz August 08 Early 2023"]
[White "Gueci, Tea"]
[Black "Unat, Can Haktan"]
[WhiteFideId "872342"]
[BlackFideId "6398073"]
[WhiteElo "2377"]
[BlackElo "2542"]
[Result "0-1"]
[Round "4"]
[TimeControl "180+1"]
[Date "2023.08.08"]
[WhiteClock "0:01:02"]
[BlackClock "0:02:44"]
[Board "169"]

1. Nf3 Nf6 2. g3 c5 3. Bg2 g6 4. O-O Bg7 5. d3 O-O 6. Nbd2 d5 7. e4 Nc6 8. Re1 Bg4 9. h3 dxe4 10. dxe4 Bxf3 11. Bxf3 Qd7 12. Bg2 Rfd8 13. c3 Ne5 14. Qb3 Nd3 15. e5 Nxe1 16. exf6 Bxf6 17. Qxb7 Qxb7 18. Bxb7 Rab8 19. Bh1 Nc2 20. Rb1 Bxc3 21. bxc3 Rxb1 22. Nxb1 Rd1+ 23. Kh2 Rxc1 24. Na3 Nxa3 0-1


[Site "https://www.chess.com"]

[Event "Titled Tuesday Blitz August 08 Early 2023"]
[White "Palczert, Matyas"]
[Black "Carrasco Miranda, Andres"]
[WhiteFideId "784958"]
[BlackFideId "3405990"]
[WhiteElo "2533"]
[BlackElo "2375"]
[Result "1-0"]
[Round "4"]
[TimeControl "180+1"]
[Date "2023.08.08"]
[WhiteClock "0:02:07"]
[BlackClock "0:00:10"]
[Board "170"]

1. e4 e5 2. Nf3 Nc6 3. Bc4 Bc5 4. c3 Nf6 5. d4 exd4 6. e5 d5 7. Bb5 Ne4 8. cxd4 Bb6 9. Nc3 Bg4 10. Be3 O-O 11. h3 Bh5 12. Qc2 Bg6 13. Qb3 Na5 14. Qxd5 Qe7 15. Qd7 Qb4 16. O-O Rad8 17. Nd5 Qxb2 18. Ne7+ Kh8 19. Nxg6+ fxg6 20. Qg4 Nc3 21. Bd3 Nd5 22. Bxg6 hxg6 23. Qh4+ Kg8 24. Ng5 Rf5 25. Qh7+ Kf8 26. Qh8+ Ke7 27. Qxg7+ Ke8 28. Qxg6+ Ke7 29. Qe6+ 1-0


[Site "https://www.chess.com"]

[Event "Titled Tuesday Blitz August 08 Early 2023"]
[White "Degenbaev, Aziz"]
[Black "K2JW"]
[WhiteFideId "13802640"]
[WhiteElo "2528"]
[BlackElo "2373"]
[Result "1-0"]
[Round "4"]
[TimeControl "180+1"]
[Date "2023.08.08"]
[WhiteClock "0:00:43"]
[BlackClock "0:00:00"]
[Board "171"]

1. d4 d5 2. c4 e6 3. Nf3 Nf6 4. g3 Bb4+ 5. Bd2 Be7 6. Bg2 O-O 7. O-O c6 8. Na3 b6 9. Rc1 Bb7 10. cxd5 cxd5 11. Ne5 Nfd7 12. Nb5 Nxe5 13. dxe5 Nc6 14. Bc3 Qd7 15. Qa4 a6 16. Nd4 b5 17. Qb3 Nxe5 18. Nxb5 Nc4 19. Nd4 Rac8 20. Rfd1 Bf6 21. e4 dxe4 22. Nf5 Qc7 23. Nh6+ Kh8 24. Bxf6 gxf6 25. Ng4 Qe7 26. Rxc4 Bd5 27. Qb4 Qxb4 28. Rxb4 f5 29. Ne3 Bxa2 30. h4 Rb8 31. Rdd4 a5 32. Rxb8 Rxb8 33. Ra4 Rxb2 34. Rxa5 Kg7 35. Bf1 Kf6 36. Ra7 Rd2 37. Bc4 Bxc4 38. Nxc4 Rc2 39. Nd6 Ke5 40. Nxf7+ Kd4 41. Ng5 e5 42. Rd7+ Kc5 43. Rc7+ Kd6 44. Rxc2 1-0


[Site "https://www.chess.com"]

[Event "Titled Tuesday Blitz August 08 Early 2023"]
[White "Gu, Xiaobing"]
[Black "Geivondian, Arman"]
[WhiteFideId "8602611"]
[BlackFideId "24102032"]
[WhiteElo "2371"]
[BlackElo "2520"]
[Result "1-0"]
[Round "4"]
[TimeControl "180+1"]
[Date "2023.08.08"]
[WhiteClock "0:00:42"]
[BlackClock "0:01:12"]
[Board "172"]

1. e4 c6 2. d4 d5 3. exd5 cxd5 4. Nf3 Nf6 5. Bd3 Bg4 6. h3 Bxf3 7. Qxf3 Nc6 8. c3 Rc8 9. O-O e6 10. Re1 Be7 11. Qg3 g6 12. Bh6 Qa5 13. Nd2 Kd7 14. Nb3 Qc7 15. Qe3 b6 16. Bb5 Kd8 17. Bf4 Qb7 18. Qd3 Re8 19. Ba6 Qa8 20. Bxc8 Qxc8 21. a4 a5 22. Nd2 Nd7 23. Nf3 h5 24. Bg5 f6 25. Bd2 Nf8 26. Nh4 f5 27. Qg3 Bxh4 28. Qxh4+ Kd7 29. b4 Nd8 30. bxa5 bxa5 31. Rab1 Kc6 32. Qg3 Nf7 33. Rb5 Kd7 34. Reb1 Ke7 35. Rb7+ Kf6 36. Bg5+ Nxg5 37. Qe5# 1-0


[Site "https://www.chess.com"]

[Event "Titled Tuesday Blitz August 08 Early 2023"]
[White "Der_Balak_3Halak"]
[Black "Eynullayev, Atilla"]
[BlackFideId "13413570"]
[WhiteElo "2367"]
[BlackElo "2516"]
[Result "0-1"]
[Round "4"]
[TimeControl "180+1"]
[Date "2023.08.08"]
[WhiteClock "0:00:18"]
[BlackClock "0:00:47"]
[Board "173"]

1. e4 c5 2. Nf3 d6 3. Bb5+ Nd7 4. O-O a6 5. Bxd7+ Bxd7 6. c3 Nf6 7. Re1 e6 8. d4 cxd4 9. cxd4 Be7 10. Nc3 O-O 11. Bg5 h6 12. Bh4 Bc6 13. d5 Bd7 14. e5 Nxd5 15. Bxe7 Nxe7 16. Qxd6 Nf5 17. Qb4 Bc6 18. Rad1 Qe7 19. Qxe7 Nxe7 20. Nd2 Rad8 21. Nc4 Nf5 22. Nd6 Nxd6 23. exd6 Rfe8 24. f4 f6 25. Ne4 Kf7 26. Nc5 g6 27. Kf2 Bd5 28. a3 Rxd6 29. Nxb7 Rb6 30. Nc5 Rxb2+ 31. Re2 Rxe2+ 32. Kxe2 Bxg2 33. Rd7+ Re7 34. Rxe7+ Kxe7 35. Nxa6 Kd6 36. Kd3 Bf1+ 37. Kd4 Bxa6 38. a4 e5+ 39. fxe5+ fxe5+ 40. Ke4 Bb7+ 41. Ke3 Kd5 42. a5 e4 43. h4 g5 44. h5 Ke5 45. Kf2 Kf4 46. Kg2 Ba6 47. Kf2 e3+ 48. Ke1 g4 49. Kd1 g3 0-1


[Site "https://www.chess.com"]

[Event "Titled Tuesday Blitz August 08 Early 2023"]
[White "Lehtosaari, Mauri"]
[Black "AndresDelgado77"]
[WhiteFideId "501999"]
[WhiteElo "2510"]
[BlackElo "2366"]
[Result "1-0"]
[Round "4"]
[TimeControl "180+1"]
[Date "2023.08.08"]
[WhiteClock "0:00:37"]
[BlackClock "0:00:00"]
[Board "174"]

1. d4 Nf6 2. Nf3 c5 3. e3 b6 4. Be2 Bb7 5. O-O g6 6. b3 Bg7 7. Bb2 O-O 8. Nbd2 d5 9. dxc5 bxc5 10. c4 d4 11. exd4 Nh5 12. Ne5 Nf4 13. d5 e6 14. Nd3 Bxb2 15. Nxb2 Nxe2+ 16. Qxe2 exd5 17. cxd5 Qxd5 18. Nf3 Nc6 19. Qc4 Qh5 20. Rac1 Nd4 21. Nxd4 cxd4 22. Qxd4 Rad8 23. Qf4 Rd7 24. Nc4 Rfd8 25. Rfe1 1-0


[Site "https://www.chess.com"]

[Event "Titled Tuesday Blitz August 08 Early 2023"]
[White "ATM622"]
[Black "Krzywda, Andrzej"]
[BlackFideId "1114565"]
[WhiteElo "2505"]
[BlackElo "2363"]
[Result "1-0"]
[Round "4"]
[TimeControl "180+1"]
[Date "2023.08.08"]
[WhiteClock "0:00:02"]
[BlackClock "0:00:06"]
[Board "175"]

1. d4 d5 2. c4 dxc4 3. e3 Nf6 4. Bxc4 e6 5. Nf3 c5 6. O-O Nc6 7. Nc3 a6 8. a4 cxd4 9. exd4 Be7 10. d5 exd5 11. Nxd5 Nxd5 12. Bxd5 O-O 13. Bf4 Qb6 14. Qb3 Nb4 15. Be3 Qg6 16. Bc4 Bh3 17. Ne1 b5 18. Be2 bxa4 19. Rxa4 Be6 20. Bc4 Bxc4 21. Qxc4 Rac8 22. Qb3 Nc2 23. Nxc2 Qxc2 24. Qxc2 Rxc2 25. Rb1 Bf6 26. b4 Rc6 27. Bc5 Rb8 28. Rd1 h5 29. g3 Rb5 30. Rd6 Rxd6 31. Bxd6 Bc3 32. Kf1 a5 33. bxa5 Rxa5 34. Rc4 Bf6 35. h4 Ra2 36. Kg2 g6 37. Bf4 Kg7 38. Be3 Ra8 39. Kf3 Re8 40. Rc6 Re6 41. Rc8 Ra6 42. Bc5 Ra1 43. Bf8+ Kh7 44. Bd6 Ra7 45. Ke4 Rd7 46. Rc6 Kg7 47. Bc5 Rd8 48. Rc7 Re8+ 49. Kf3 Rd8 50. Be3 Re8 51. Rc4 Rd8 52. Ke4 Re8+ 53. Kd5 Re6 54. Rc8 Re5+ 55. Kd6 Ra5 56. Kc6 Ra2 57. Kd7 Rb2 58. Ke8 Re2 59. Rc7 Bd4 60. Rxf7+ Kg8 61. Re7 Bxe3 62. fxe3 Rg2 63. e4 Rxg3 64. e5 Rg4 65. e6 Rxh4 66. Kd7 Rd4+ 67. Kc6 h4 68. Rd7 Re4 69. Kd5 Re1 70. Rd8+ Kg7 71. Kd6 g5 72. e7 g4 73. e8=Q Rxe8 74. Rxe8 g3 75. Re4 g2 76. Rg4+ Kf6 77. Rxg2 Kf5 78. Rh2 Kg4 79. Ke5 Kg3 80. Ra2 h3 81. Ra3+ Kg2 82. Kf4 h2 83. Ra2+ Kg1 84. Kg3 h1=Q 85. Ra1# 1-0


[Site "https://www.chess.com"]

[Event "Titled Tuesday Blitz August 08 Early 2023"]
[White "Nithyalakshmi, Sivanesan"]
[Black "Perske, Thore"]
[WhiteFideId "5706955"]
[BlackFideId "12902195"]
[WhiteElo "2347"]
[BlackElo "2503"]
[Result "0-1"]
[Round "4"]
[TimeControl "180+1"]
[Date "2023.08.08"]
[WhiteClock "0:00:00"]
[BlackClock "0:00:55"]
[Board "176"]

1. e4 e6 2. d4 d5 3. Bd3 dxe4 4. Bxe4 Nf6 5. Bf3 c5 6. Ne2 Be7 7. O-O O-O 8. c3 Nc6 9. Bxc6 bxc6 10. Re1 cxd4 11. Nxd4 Bb7 12. Qf3 Qb6 13. Qh3 c5 14. Nb3 Rfd8 15. N1d2 Qa6 16. Nf3 Rd3 17. Be3 Rc8 18. Ne5 Rd5 19. Ng4 Qa4 20. Nxf6+ Bxf6 21. Qg3 h5 22. Rad1 Rxd1 23. Rxd1 c4 24. Qd6 cxb3 25. axb3 Qxb3 0-1


[Site "https://www.chess.com"]

[Event "Titled Tuesday Blitz August 08 Early 2023"]
[White "Lopez Gracia, Fernando"]
[Black "Willy, Stephen"]
[WhiteFideId "2207184"]
[BlackFideId "30981468"]
[WhiteElo "2340"]
[BlackElo "2500"]
[Result "0-1"]
[Round "4"]
[TimeControl "180+1"]
[Date "2023.08.08"]
[WhiteClock "0:00:57"]
[BlackClock "0:01:09"]
[Board "177"]

1. e4 c5 2. Nf3 Nf6 3. e5 Nd5 4. Nc3 e6 5. Nxd5 exd5 6. c3 d6 7. d4 Nc6 8. exd6 cxd4 9. cxd4 Bxd6 10. Bd3 O-O 11. O-O Bg4 12. Be3 Qf6 13. Be2 Rfe8 14. h3 Bh5 15. Qd2 h6 16. a3 Re4 17. Rfd1 Rae8 18. Rac1 Bf4 19. Rc3 a6 20. Bd3 Rxe3 21. fxe3 Bxe3+ 22. Qxe3 Rxe3 23. Bh7+ Kxh7 24. Rxe3 Bg6 25. Ne5 Be4 26. Ng4 Qg5 27. g3 f5 28. Nf2 Qxe3 0-1


[Site "https://www.chess.com"]

[Event "Titled Tuesday Blitz August 08 Early 2023"]
[White "Koutlas, Nikolaos"]
[Black "MarijaKuznecova"]
[WhiteFideId "25827138"]
[WhiteElo "2497"]
[BlackElo "2343"]
[Result "0-1"]
[Round "4"]
[TimeControl "180+1"]
[Date "2023.08.08"]
[WhiteClock "0:01:28"]
[BlackClock "0:01:41"]
[Board "178"]

1. c4 c5 2. Nc3 Nc6 3. g3 e5 4. Bg2 d6 5. Nf3 g6 6. O-O Bg7 7. e3 Nge7 8. a3 O-O 9. b4 cxb4 10. axb4 Nxb4 11. d4 exd4 12. exd4 Bf5 13. Ra4 Bc2 14. Rxb4 Bxd1 15. Rxd1 Qa5 16. Rb3 Rac8 17. Bg5 f6 18. Bf4 Rfd8 19. Nd2 g5 20. Be3 h6 21. Nd5 Nxd5 22. Bxd5+ Kh8 23. Rxb7 Rb8 24. Re7 Re8 25. Rd7 Qa4 0-1


[Site "https://www.chess.com"]

[Event "Titled Tuesday Blitz August 08 Early 2023"]
[White "Liu, Casper"]
[Black "Topalov, Aleksandar"]
[WhiteFideId "1454153"]
[BlackFideId "925659"]
[WhiteElo "2495"]
[BlackElo "2338"]
[Result "0-1"]
[Round "4"]
[TimeControl "180+1"]
[Date "2023.08.08"]
[WhiteClock "0:00:11"]
[BlackClock "0:00:02"]
[Board "179"]

1. e4 e6 2. a3 d5 3. exd5 exd5 4. Nf3 Bd6 5. d4 Ne7 6. Bd3 Bf5 7. O-O O-O 8. Re1 Nbc6 9. Nc3 Bxd3 10. Qxd3 Qd7 11. Bg5 f6 12. Bh4 a6 13. Re2 Rfe8 14. Rae1 Ng6 15. Bg3 Bxg3 16. hxg3 Kf7 17. Nh4 Nxh4 18. gxh4 g6 19. h5 Ne7 20. Qe3 Nf5 21. Qh3 c6 22. Na4 Rxe2 23. Rxe2 Re8 24. Nc5 Qc8 25. hxg6+ hxg6 26. Rxe8 Qxe8 27. Kf1 Qe7 28. c3 a5 29. g4 Ng7 30. Qh8 b6 31. Nd3 Qe4 32. Qh3 g5 33. Qg3 Ne6 34. a4 Nf4 35. Nxf4 gxf4 36. Qh3 f3 37. Qh5+ Kg7 38. Qh4 Qb1# 0-1


[Site "https://www.chess.com"]

[Event "Titled Tuesday Blitz August 08 Early 2023"]
[White "Garakov, Mikhael"]
[Black "dr_tatiana"]
[WhiteFideId "4169034"]
[WhiteElo "2494"]
[BlackElo "2336"]
[Result "1-0"]
[Round "4"]
[TimeControl "180+1"]
[Date "2023.08.08"]
[WhiteClock "0:01:00"]
[BlackClock "0:00:00"]
[Board "180"]

1. e4 d5 2. exd5 Qxd5 3. Nc3 Qd6 4. d4 Nf6 5. Nf3 a6 6. g3 Nc6 7. Bg2 Bg4 8. Be3 O-O-O 9. h3 Bh5 10. g4 Bg6 11. Qd2 e6 12. a3 Ne4 13. Nxe4 Bxe4 14. O-O-O Qd5 15. c4 Qxc4+ 16. Qc3 Qd5 17. Bf4 g5 18. Be5 Nxe5 19. dxe5 Qa2 20. Rxd8+ Kxd8 21. Nxg5 Bxg2 22. Rd1+ Bd5 23. Nxf7+ Kc8 24. f4 Be7 25. Nxh8 Be4 26. Kd2 a5 27. Ke3 Bd5 28. Nf7 a4 29. Ng5 b6 30. Nxh7 Bc5+ 31. Ke2 Bc4+ 32. Ke1 Bb3 33. Rc1 Kb7 34. Nf6 Ka6 35. g5 Bd5 36. g6 1-0


[Site "https://www.chess.com"]

[Event "Titled Tuesday Blitz August 08 Early 2023"]
[White "NicolaiMaxime"]
[Black "Lesbekova, Assel"]
[BlackFideId "13713248"]
[WhiteElo "2494"]
[BlackElo "2331"]
[Result "1/2-1/2"]
[Round "4"]
[TimeControl "180+1"]
[Date "2023.08.08"]
[WhiteClock "0:00:13"]
[BlackClock "0:00:08"]
[Board "181"]

1. e4 e5 2. Nf3 Nf6 3. Nxe5 Nxe4 4. Qe2 Qe7 5. Qxe4 d6 6. d4 dxe5 7. Qxe5 Qxe5+ 8. dxe5 Bf5 9. Nc3 Nc6 10. Bb5 O-O-O 11. Bxc6 bxc6 12. Be3 Bxc2 13. Rc1 Bd3 14. Bxa7 Re8 15. Kd2 Ba6 16. Rhe1 g6 17. f4 Bh6 18. Be3 Rd8+ 19. Kc2 Bd3+ 20. Kb3 c5 21. a4 c4+ 22. Ka2 Kb7 23. g3 Ra8 24. Bc5 Bf8 25. Bxf8 Rhxf8 26. e6 fxe6 27. Rxe6 Rfe8 28. Rce1 Rxe6 29. Rxe6 h5 30. Re7 Kc6 31. Ka3 Kd6 32. Rg7 c6 33. h3 Re8 34. g4 hxg4 35. hxg4 Kc5 36. Ra7 Re1 37. Ra5+ Kb6 38. Re5 Rf1 39. Re6 Kb7 40. Rf6 Kb6 41. Ka2 Kc5 42. a5 Bc2 43. b4+ cxb3+ 44. Kb2 Rf2 45. Kc1 Bd3 46. Na4+ Kb4 47. Nb2 Bb5 48. a6 Bxa6 49. Rxc6 Bb5 50. Rb6 Kc5 51. Rxg6 Rxf4 52. Rg5+ Kb4 53. Rg8 Rf1+ 54. Kd2 Rf2+ 55. Kc1 Rc2+ 56. Kb1 Bc6 57. Rc8 Kb5 58. Rb8+ Kc5 59. Rxb3 Rg2 60. Rc3+ Kd6 61. Nc4+ Kd5 62. Ne3+ Kd4 63. Nxg2 Kxc3 64. Nh4 Kd4 65. g5 Ke5 66. Kc2 Kf4 67. g6 Be4+ 68. Kc3 Bxg6 1/2-1/2


[Site "https://www.chess.com"]

[Event "Titled Tuesday Blitz August 08 Early 2023"]
[White "Osinovsky, Stepan"]
[Black "Shishkov, Andrei"]
[WhiteFideId "4157354"]
[BlackFideId "4500563"]
[WhiteElo "2329"]
[BlackElo "2494"]
[Result "0-1"]
[Round "4"]
[TimeControl "180+1"]
[Date "2023.08.08"]
[WhiteClock "0:00:00"]
[BlackClock "0:00:20"]
[Board "182"]

1. Nf3 Nf6 2. g3 b5 3. Bg2 Bb7 4. O-O e6 5. d3 Be7 6. e4 O-O 7. Re1 d5 8. Nbd2 c5 9. a4 b4 10. exd5 Nxd5 11. Nc4 Nc6 12. h4 h6 13. Nfe5 Nxe5 14. Nxe5 Rc8 15. b3 Nc3 16. Qg4 Bxg2 17. Kxg2 Qd5+ 18. Kg1 Bf6 19. Bf4 Qd4 20. Nf3 h5 21. Qxh5 Ne2+ 22. Rxe2 Qxa1+ 23. Kg2 Rfd8 24. Be5 Rd5 25. Bxa1 Rxh5 26. Bxf6 gxf6 27. Nd2 Rd5 28. Nc4 Kg7 29. Re4 f5 30. Re2 Rh8 31. Ne3 Rd4 32. Nc4 f4 0-1


[Site "https://www.chess.com"]

[Event "Titled Tuesday Blitz August 08 Early 2023"]
[White "Spichkin, Alexander"]
[Black "Malka, Samuel"]
[WhiteFideId "4144074"]
[BlackFideId "20643675"]
[WhiteElo "2327"]
[BlackElo "2493"]
[Result "0-1"]
[Round "4"]
[TimeControl "180+1"]
[Date "2023.08.08"]
[WhiteClock "0:00:46"]
[BlackClock "0:00:17"]
[Board "183"]

1. f4 g6 2. Nf3 Bg7 3. d3 c5 4. e4 Nc6 5. Be2 d6 6. Nc3 Rb8 7. O-O b5 8. a3 e6 9. Qe1 Nge7 10. Nd1 b4 11. axb4 Nxb4 12. Ne3 d5 13. c3 Nbc6 14. Qh4 h6 15. Qg3 f5 16. Nh4 Kf7 17. Bf3 d4 18. Nc4 Bf6 19. e5 Bxh4 20. Qxh4 Nd5 21. Nd6+ Kg7 22. Qg3 Na5 23. Nxf5+ exf5 24. Bxd5 Qxd5 25. Rxa5 Rb7 26. b4 dxc3 27. Rxc5 Qd4+ 28. Be3 Qxd3 29. Rc1 Bd7 30. R5xc3 Qd5 31. Bc5 Rc8 32. Qe1 Bc6 33. Rd1 Qxg2# 0-1


[Site "https://www.chess.com"]